 Dungeon Crawl Stone Soup version 0.25.0-26-g0c896c7088 (webtiles) character file.

Game seed: 10701432626047667788

361 protoss039 the Chopper (level 6, 0/53 HPs)
             Began as a Minotaur Fighter on July 2, 2020.
             Slain by an orc
             ... wielding a +0 whip
              (6 damage)
             ... on level 4 of the Dungeon.
             The game lasted 00:03:17 (2222 turns).

protoss039 the Chopper (Minotaur Fighter)           Turns: 2222, Time: 00:03:17

Health: 0/53       AC:  8    Str: 23    XL:     6   Next: 38%
Magic:  5/5        EV:  8    Int:  5    God:
Gold:   145        SH: 10    Dex:  9    Spells: 5/5 levels left

rFire    . . .     SeeInvis .   a - +0 war axe
rCold    . . .     Gourm    .   c - +0 kite shield
rNeg     . . .     Faith    .   b - +0 scale mail
rPois    .         Spirit   .   (helmet restricted)
rElec    .         Reflect  .   (no cloak)
rCorr    .         Harm     .   o - +0 pair of gloves
MR       .....                  (no boots)
Stlth    ..........             (no amulet)
HPRegen  0.17/turn              (no ring)
MPRegen  0.09/turn              (no ring)

@: no status effects
A: retaliatory headbutt, horns 2
a: no special abilities


You were on level 4 of the Dungeon.
You were not hungry.

You visited 1 branch of the dungeon, and saw 4 of its levels.

You collected 145 gold pieces.

Inventory:

Hand Weapons
 a - a +0 war axe (weapon)
Armour
 b - a +0 scale mail (worn)
 c - a +0 kite shield (worn)
 o - a +0 pair of gloves (worn)
Jewellery
 l - an uncursed ring of wizardry {unknown}
Wands
 u - a wand of digging (7)
Scrolls
 g - 2 scrolls of fog {unknown}
 h - 2 scrolls of enchant weapon {unknown}
 k - 4 scrolls of identify {unknown}
 p - a scroll of remove curse {unknown}
Potions
 d - a potion of might
 e - 5 potions of curing {unknown}
 i - a potion of stabbing {unknown}
 m - 2 potions of heal wounds {unknown}
 n - a potion of resistance {unknown}
 q - a potion of ambrosia {unknown}
 r - a potion of haste {unknown}
 s - a potion of brilliance {unknown}
 t - a potion of lignification {unknown}
Comestibles
 f - 4 rations
 j - 9 chunks of flesh


   Skills:
 + Level 4.7 Fighting
 + Level 5.7 Axes
 + Level 5.1 Armour
 + Level 0.9 Dodging
 + Level 4.8 Shields


You had 5 spell levels left.
You didn't know any spells.
Your spell library was empty.

Dungeon Overview and Level Annotations

Branches:
Dungeon (4/15)
 Temple: D:4-7

Altars:

Annotations:
D:2 1 exclusion
D:4 Purgy


Innate Abilities, Weirdness & Mutations

You reflexively headbutt those who attack you in melee.
You have a pair of horns on your head.


Message History

You block Purgy's attack. The orc hits you with a +0 whip.
* * * LOW HITPOINT WARNING * * *
Unknown command.
You slash Purgy!
Purgy is severely wounded.
You slash the orc!
You kill the orc!
You closely miss the orc. Purgy bites you.
* * * LOW HITPOINT WARNING * * *
Purgy barely misses you. x2; The orc hits you but does no damage.
The orc hits you but does no damage. Purgy bites you.
* * * LOW HITPOINT WARNING * * *
You block Purgy's attack. x2
The orc closely misses you.
A quokka comes into view.
There is a stone staircase leading up here.
Unknown command.
Unknown command.
The orc hits you with a +0 whip.
You die...

.# # .r##.#
.>.#.#
###....#
#@#...#
#o#...#
#T#...#
#.....#
########.#)#
........)).#
####...#.###
.............#
####...#.#####


You could see Purgy and an orc.

Vanquished Creatures
  Sigmund (D:3)
  A centaur skeleton (D:3)
  An orc priest (D:4)
  4 adders
  An ooze (D:1)
  5 worms
  2 dart slugs (D:1)
  10 orcs
  4 bats
  6 giant cockroaches
  6 goblins
  11 hobgoblins
  6 jackals (D:3)
  A quokka (D:3)
  4 frilled lizards
  5 kobolds
  7 rats
75 creatures vanquished.

Notes
Turn   | Place    | Note
-------+----------+-------------------------------------------
     0 | D:1      | protoss039 the Minotaur Fighter began the quest for the
                  | Orb.
     0 | D:1      | Reached XP level 1. HP: 19/19 MP: 0/0
   143 | D:1      | Reached XP level 2. HP: 27/27 MP: 1/1
   920 | D:2      | Reached XP level 3. HP: 33/33 MP: 2/2
  1389 | D:3      | Reached XP level 4. HP: 40/40 MP: 3/3
  1469 | D:3      | Noticed Sigmund
  1738 | D:3      | Reached XP level 5. HP: 47/47 MP: 4/4
  1808 | D:3      | Killed Sigmund
  1808 | D:3      | Reached skill level 5 in Axes
  1808 | D:3      | Reached skill level 5 in Armour
  1808 | D:3      | Reached XP level 6. HP: 52/53 MP: 5/5
  2201 | D:4      | Noticed Purgy
  2222 | D:4      | Slain by an orc

Illustrated notes

Levels and vault maps discovered:
D:1:      grunt_arrival_lava_bath, layout_basic, lemuel_flame_loot_1
D:2:      layout_rooms
D:3:      layout_rooms, guppyfry_early_orc_mine, uniq_sigmund
D:4:      layout_basic, minitemple, serial_forest, infiniplex_forest_corner_1,
          infiniplex_forest_clump_tiny, infiniplex_forest_lined_room_,
          infiniplex_forest_end_3, infiniplex_forest_split,
          infiniplex_forest_end_2, infiniplex_forest_lined_2, first_ration,
          uniq_purgy, uniq_menkaure

Skill      XL: |  1  2  3  4  5 |
---------------+----------------+-----
Fighting       | 4 |  4.7
Armour         | 4 5 |  5.1
Shields        | 4 |  4.8
Axes           | 3 4 5 |  5.7
Dodging        | |  0.9

Action                   |  1- 3 |  4- 6 || total
-------------------------+-------+-------++-------
Melee: War axe           |    64 |   102 ||   166
       Headbutt          |    13 |    10 ||    23
  Eat: Chunk             |     1 |     3 ||     4
Armor: Scale mail        |    29 |    59 ||    88
Dodge: Dodged            |    17 |    39 ||    56
Block: Kite shield       |    19 |    80 ||    99
